 Dungeon Crawl Stone Soup version 0.27-a0-1193-g8631133539 (webtiles) character file.

Game seed: 9680915724182382403

70 lastchild the Stinger (level 4, 0/27 HPs)
             Began as an Octopode Venom Mage on May 25, 2021.
             Slain by Crazy Yiuf
             ... wielding a +2 quarterstaff of chaos
              (12 damage)
             ... on level 2 of the Dungeon.
             The game lasted 00:07:16 (3022 turns).

lastchild the Stinger (Octopode Venom Mage)         Turns: 3022, Time: 00:07:17

Health: 0/27       AC:  1    Str:  7    XL:     4   Next: 22%
Magic:  0/7        EV: 13    Int: 18    God:
Gold:   96         SH:  0    Dex: 12    Spells: 2/8 levels left

rFire    . . .     SeeInvis .   (no weapon)
rCold    . . .     Faith    .   (no shield)
rNeg     . . .     Spirit   .   (helmet restricted)
rPois    .         Reflect  .   (no amulet)
rElec    .         Harm     .   (no ring)
rCorr    .         Rampage  .   (no ring)
Will     .....                  (no ring)
Stlth    +++.......             (no ring)
HPRegen  0.09/turn              (no ring)
MPRegen  0.10/turn              (no ring)
                                (no ring)
                                (no ring)

@: no status effects
A: almost no armour, amphibious, 8 rings, camouflage 1, gelatinous body 1,
(nimble swimmer 1), tentacles
a: no special abilities


You were on level 2 of the Dungeon.
You visited 1 branch of the dungeon, and saw 2 of its levels.

You collected 96 gold pieces.

Inventory:

Scrolls
 b - a scroll of vulnerability {unknown}
 c - a scroll of noise {unknown}
 f - a scroll of magic mapping {unknown}
 g - 2 scrolls of summoning {unknown}
 h - 2 scrolls of immolation
 i - 3 scrolls of fog {unknown}
Potions
 a - a potion of resistance {unknown}
 d - 2 potions of brilliance
 e - a potion of magic


   Skills:
 - Level 2.0 Dodging
 - Level 2.6 Stealth
 + Level 2.5 Spellcasting
 + Level 2.0 Transmutations
 * Level 5.0 Poison Magic


You had 2 spell levels left.
You knew the following spells:

 Your Spells              Type           Power      Damage    Failure   Level
a - Sting                 Tmut/Pois      60%        1d6       4%          1
b - Poisonous Vapours     Pois/Air       22%        N/A       10%         2
c - Ignite Poison         Fire/Tmut/Pois 10%        N/A       19%         3

Your spell library contained the following spells:

 Spells                   Type           Power      Damage    Failure   Level
 Olgreb's Toxic Radiance  Pois           20%        N/A       22%         4
 Mephitic Cloud           Conj/Pois/Air  8%         N/A       26%         3


Dungeon Overview and Level Annotations

Branches:
Dungeon (2/15)

Altars:

Annotations:
D:2 Crazy Yiuf


Innate Abilities, Weirdness & Mutations

You cannot wear most types of armour.
You are amphibious.
You can wear up to eight rings at the same time.
Your skin changes colour to match your surroundings (Stealth+).
Your rubbery body absorbs attacks. (AC +1, EV +1)
((You are camouflaged near water. (Stealth+)))
You have tentacles for arms and can constrict up to eight enemies at once.


Message History

Crazy Yiuf looks more healthy.
Crazy Yiuf says, "Fire sow bag!"
Crazy Yiuf says, "Mama!"
Casting: Sting (safe; 4% risk of failure)
Confirm with . or Enter, or press ? or * to list all spells.
Aiming: Sting (safe; 4% risk of failure)
Press: ? - help, Shift-Dir - straight line, f/p - Crazy Yiuf
Aim: Crazy Yiuf, wielding a +2 quarterstaff of chaos and wearing a +0 cloak (moderately wounded, 77% to hit)
The sting hits Crazy Yiuf.
Crazy Yiuf is poisoned.
Crazy Yiuf is moderately wounded.
Crazy Yiuf completely misses you.
Unknown command.
You tentacle-slap Crazy Yiuf. Your grab misses Crazy Yiuf.
Crazy Yiuf is heavily wounded.
Crazy Yiuf yells, "Action!
Ice leg disdain."
Crazy Yiuf hits you with a +2 quarterstaff of chaos.
Casting: Sting (safe; 4% risk of failure)
Confirm with . or Enter, or press ? or * to list all spells.
Aiming: Sting (safe; 4% risk of failure)
Press: ? - help, Shift-Dir - straight line, f/p - Crazy Yiuf
Aim: Crazy Yiuf, wielding a +2 quarterstaff of chaos and wearing a +0 cloak (heavily wounded, poisoned, 77% to hit)
The sting hits Crazy Yiuf.
Crazy Yiuf looks even sicker.
Crazy Yiuf is severely wounded.
Crazy Yiuf whimpers, "Two!
Scoff turtle return to song."
Crazy Yiuf misses you.
You barely miss Crazy Yiuf. Your grab misses Crazy Yiuf.
Your squeeze misses Crazy Yiuf.
Crazy Yiuf is severely wounded.
Crazy Yiuf completely misses you.
Casting: Sting (safe; 4% risk of failure)
Confirm with . or Enter, or press ? or * to list all spells.
You don't have enough magic to cast this spell.
Casting: Sting (safe; 4% risk of failure)
Confirm with . or Enter, or press ? or * to list all spells.
Aiming: Sting (safe; 4% risk of failure)
Press: ? - help, Shift-Dir - straight line, f/p - Crazy Yiuf
Aim: Crazy Yiuf, wielding a +2 quarterstaff of chaos and wearing a +0 cloak (almost dead, very poisoned, 77% to hit)
The sting misses Crazy Yiuf.
Crazy Yiuf hits you with a +2 quarterstaff of chaos!
You die...

#................#
#.............
#.......########.#
#.#.###.......
###...###
#.###.##.###......
#...######
#.................
##.#...>.#
#####.####.#.#####
#.#.....# #W# ##.##
#. #.......# #.# ###
#.
#####.....#########.#
#.
#.............g@....#
#.
#.#####.#.###########
#. #.# #.#.## #. #.#
#.#..# #. ##.##
#.##.# #. #...##
#.##.# ###########.
#....# #.##.#
#........... #....#
#.##.# #.##########
♣PP♣.♣ #.##.# #.#


You could see Crazy Yiuf (very poisoned).

Vanquished Creatures
  An adder (D:2)
  2 worms (D:2)
  3 dart slugs
  2 bats (D:2)
  5 endoplasms
  4 giant cockroaches
  4 goblins (D:1)
  4 hobgoblins (D:1)
  3 jackals (D:1)
  5 kobolds
  2 quokkas (D:1)
  4 ball pythons
  A frilled lizard (D:1)
  6 rats
46 creatures vanquished.

Vanquished Creatures (others)
  2 fungi (D:2)
2 creatures vanquished.

Grand Total: 48 creatures vanquished

Notes
Turn   | Place    | Note
-------+----------+-------------------------------------------
     0 | D:1      | lastchild the Octopode Venom Mage began the quest for the
                  | Orb.
     0 | D:1      | Reached XP level 1. HP: 11/11 MP: 3/3
   232 | D:1      | Reached skill level 4 in Poison Magic
   232 | D:1      | Reached XP level 2. HP: 13/17 MP: 1/5
   299 | D:1      | Learned a level 2 spell: Poisonous Vapours
  1048 | D:1      | Reached XP level 3. HP: 21/21 MP: 1/6
  1096 | D:1      | Learned a level 3 spell: Ignite Poison
  1508 | D:1      | Found a faded altar of an unknown god.
  2168 | D:2      | Reached XP level 4. HP: 27/27 MP: 3/7
  2684 | D:2      | Noticed a phantom
  2764 | D:2      | Reached skill level 5 in Poison Magic
  2981 | D:2      | Found a runed translucent door.
  2982 | D:2      | Noticed Crazy Yiuf
  3022 | D:2      | Slain by Crazy Yiuf

Illustrated notes

Levels and vault maps discovered:
D:1:      dpeg_arrival_signposts, layout_basic,
          ebering_ecumenical_altar_sacrificial
D:2:      layout_loops_ring, minmay_octomino_e4, uniq_crazy_yiuf_cottage

Skill      XL: |  1  2  3  4 |
---------------+-------------+-----
Poison Magic   | 4 5 |  5.0
Transmutations | 2 |  2.0
Dodging        | |  2.0
Stealth        | |  2.6
Spellcasting   | |  2.5

Action                   |  1- 3 |  4- 6 || total
-------------------------+-------+-------++-------
Melee: Unarmed           |    41 |    19 ||    60
       Constrict         |    12 |     6 ||    18
       Tentacles         |     8 |     3 ||    11
 Cast: Sting             |    49 |     9 ||    58
       Poisonous Vapours |     6 |     2 ||     8
  Use: Scroll            |       |     3 ||     3
Armor: Skin              |     6 |       ||     6
Dodge: Dodged            |    25 |     6 ||    31

Table legend: (Time is in decaauts)
 A = Elapsed time spent in this place.
 B = Non-inter-level travel time spent in this place.
 C = Inter-level travel time spent in this place.
 D = Time resting spent in this place.
 E = Time spent auto-exploring this place.
 F = Levels seen in this place.
 G = Mean time per level.
                   A        B        C        D        E       F      G
               +--------+--------+--------+--------+--------+-----+--------+
         Total |   3021 |   2966 |     55 |   1335 |   1204 |   2 | 1510.5 |
       Dungeon |   3021 |   2966 |     55 |   1335 |   1204 |   2 | 1510.5 |
               +--------+--------+--------+--------+--------+-----+--------+

Top non-repeatable levels by time:
     D:1: 1863 daAuts
     D:2: 1158 daAuts
